 Dungeon Crawl Stone Soup version 0.27.1-34-g3ba077fa99 (webtiles) character file.

Game seed: 6284958293850202375

1094 boopmooplesden the Carver (level 8, 0/69 HPs)
             Began as a Minotaur Fighter on Jan 4, 2022.
             Slain by an orc warrior (10 damage)
             ... on level 6 of the Dungeon.
             The game lasted 00:06:23 (4316 turns).

boopmooplesden the Carver (Minotaur Fighter)        Turns: 4316, Time: 00:06:25

Health: 0/69       AC:  8    Str: 28    XL:     8   Next: 9%
Magic:  7/7        EV:  9    Int:  5    God:
Gold:   184        SH: 11    Dex: 14    Spells: 7/7 levels left

rFire    + + +     SeeInvis +   d - +10 spear "Zarroca" {freeze, rF+ Dex+3}
rCold    + + +     Faith    .   c - +0 kite shield
rNeg     . . .     Spirit   .   A - +0 ring mail "Xas Feta" {-Cast rF+ rC+ Str+6}
rPois    .         Reflect  .   B - +2 hat
rElec    .         Harm     .   q - scarf {rC+ rF+}
rCorr    .         Rampage  .   (no gloves)
Will     .....     Rnd*Tele +   (no boots) Stlth +.........NoCast +
                                (no amulet)
HPRegen  0.21/turn              x - ring of see invisible
MPRegen  0.10/turn              i - ring of protection from cold

@: no status effects
A: horns 2, retaliatory headbutt, teleportitis 1
a: no special abilities


You were on level 6 of the Dungeon.
You visited 1 branch of the dungeon, and saw 6 of its levels.

You collected 184 gold pieces.

Inventory:

Hand Weapons
 a - a +2 long sword
 d - the +10 spear "Zarroca" (weapon) {freeze, rF+ Dex+3}
   (You took it off an orc on level 5 of the Dungeon)

   It freezes those it strikes, dealing additional cold damage.
   It can also slow down cold-blooded creatures.
   Dex:       It affects your dexterity (+3).
   rF:        It protects you from fire.
 k - the +11 plutonium sword {Contam Stlth-}
   (You found it on level 4 of the Dungeon)

   It occasionally inflicts wild transmutation effects on those it strikes,
   inflicting malmutation or extra damage, or polymorphing them into a new form.
   Contam:    It causes magical contamination when unequipped.
   Stlth:     It makes you less stealthy.
Missiles
 l - 5 boomerangs (quivered)
 z - a throwing net
Armour
 b - a +0 scale mail
 c - a +0 kite shield (worn)
 j - a +0 plate armour
 m - a +1 cloak
 q - a scarf of resistance (worn)
 w - a scarf of shadows
 A - the +0 ring mail "Xas Feta" (worn) {-Cast rF+ rC+ Str+6}
   (You took it off an orc on level 5 of the Dungeon)

   Str:       It affects your strength (+6).
   rF:        It protects you from fire.
   rC:        It protects you from cold.
   -Cast:     It prevents spellcasting.
 B - a +2 hat (worn)
Jewellery
 i - a ring of protection from cold (right hand)
 x - a ring of see invisible (left hand)
Scrolls
 e - 2 scrolls of blinking
 g - a scroll of summoning
 h - 2 scrolls of amnesia
 o - 4 scrolls of identify
 t - a scroll of teleportation
 v - a scroll of enchant weapon
 y - a scroll of fear
Potions
 f - a potion of magic
 n - a potion of brilliance {unknown}
 p - a potion of curing
 u - a potion of degeneration {unknown}


   Skills:
 + Level 5.4 Fighting
 + Level 8.7 Long Blades
 + Level 6.2 Armour
 + Level 1.1 Dodging
 + Level 0.2 Stealth
 + Level 5.1 Shields


You had 7 spell levels left.
You didn't know any spells.
Your spell library contained the following spells:

 Spells                   Type           Power      Damage    Failure   Level
 Animate Skeleton         Necr           0%         N/A       95%         1
 Pain                     Necr           0%         1d4       95%         1
 Shock                    Conj/Air       0%         1d3       95%         1
 Swiftness                Air            0%         N/A       100%        3
 Vampiric Draining        Necr           0%         2d6       100%        3
 Airstrike                Air            0%         N/A       100%        4


Dungeon Overview and Level Annotations

Branches:
Dungeon (6/15)             Temple (0/1) D:4

Altars:
Beogh

Shops:
D:1 *


Innate Abilities, Weirdness & Mutations

You have a pair of horns on your head.
You reflexively headbutt those who attack you in melee.
You are occasionally teleported next to monsters.


Message History

You closely miss the orc wizard.
The orc warrior hits you but does no damage.
The orc wizard hits you but does no damage.
The orc warrior hits you with a +0 trident!
You puncture the orc warrior! You freeze the orc warrior.
You headbutt the orc warrior.
The orc warrior is heavily wounded.
You block the orc wizard's attack.
The orc warrior hits you but does no damage.
You closely miss the orc warrior.
The orc warrior is heavily wounded.
The orc wizard hits you but does no damage.
The orc warrior hits you with a +0 trident!
* * * LOW HITPOINT WARNING * * *
You barely miss the orc warrior. Your headbutt misses the orc warrior.
The orc warrior is heavily wounded.
You block the orc wizard's attack. The orc warrior barely misses you.
You block the orc wizard's attack. You block the orc warrior's attack.
You hit the orc warrior. You freeze the orc warrior.
Your headbutt misses the orc warrior.
The orc warrior is severely wounded.
You block the orc wizard's attack.
The orc warrior hits you with a +0 trident.
* * * LOW HITPOINT WARNING * * *
You hit the orc warrior. You freeze the orc warrior.
You headbutt the orc warrior, but do no damage.
The orc warrior is severely wounded.
The orc wizard gestures at you while chanting.
The puff of flame hits you. You resist.
* * * LOW HITPOINT WARNING * * *
The orc warrior hits you with a +0 trident.
* * * LOW HITPOINT WARNING * * *
You hit the orc warrior. You freeze the orc warrior.
The orc warrior is almost dead.
You block the orc wizard's attack. The orc warrior closely misses you.
You furiously retaliate!
You headbutt the orc warrior, but do no damage.
The orc wizard hits you but does no damage.
The orc warrior hits you with a +0 trident!
You die...

#............ #............
.. #..........## #.#
#............ ...
#..........#. #.#
###.†..<....##.##.#
#...........#...#.#####.#.
#.#............oo.#...... .
#.#.............@.#.##....#
#.##########....)......#.
#.# ##...#..#..... #.######
##.##.###.#.# #......# #.
#..#..# ######.# #. ##...#
#.# #.####.###.# #.#
#..........#
#.############.#####


You could see an orc warrior and an orc wizard.

Vanquished Creatures
  The ghost of hilljack the Geomancer, a novice GrEE (D:5)
  A sky beast (D:5)
  A bullfrog (D:5)
  2 scorpions
  A howler monkey (D:6)
  3 orc priests (D:5)
  2 bullfrog skeletons (D:5)
  2 orc wizards (D:5)
  A killer bee zombie (D:5)
  3 gnolls (D:5)
  7 adders
  A white imp (D:6)
  An ufetubus (D:5)
  2 worms
  A dart slug (D:1)
  13 orcs
  10 ball pythons
  6 endoplasms
  A giant cockroach (D:2)
  9 goblins
  5 hobgoblins
  4 jackals (D:3)
  3 quokkas
  4 bats
  2 frilled lizards
  7 kobolds
  9 rats
102 creatures vanquished.

Notes
Turn   | Place    | Note
-------+----------+-------------------------------------------
     0 | D:1      | boopmooplesden the Minotaur Fighter began the quest for the
                  | Orb.
     0 | D:1      | Reached XP level 1. HP: 19/19 MP: 0/0
   233 | D:1      | Found Bilux's Assorted Antiques.
   324 | D:1      | Reached XP level 2. HP: 27/27 MP: 1/1
   657 | D:2      | Reached XP level 3. HP: 22/33 MP: 2/2
  1049 | D:2      | Reached skill level 3 in Long Blades
  1165 | D:2      | Reached XP level 4. HP: 40/40 MP: 3/3
  1982 | D:3      | Found a faded altar of an unknown god.
  2457 | D:4      | Noticed a scorpion
  2467 | D:4      | Killed a scorpion
  2468 | D:4      | Reached skill level 4 in Long Blades
  2468 | D:4      | Reached skill level 5 in Shields
  2468 | D:4      | Reached XP level 5. HP: 29/47 MP: 4/4
  2636 | D:4      | Found the +11 plutonium sword {Contam Stlth-}
  2857 | D:4      | Found a staircase to the Ecumenical Temple.
  3193 | D:5      | Entered Level 5 of the Dungeon
  3205 | D:5      | Noticed a sky beast
  3208 | D:5      | Killed a sky beast
  3209 | D:5      | Reached skill level 5 in Long Blades
  3209 | D:5      | Reached XP level 6. HP: 53/53 MP: 5/5
  3242 | D:5      | Reached skill level 5 in Armour
  3369 | D:5      | Reached skill level 1 in Dodging
  3511 | D:5      | Reached skill level 6 in Long Blades
  3650 | D:5      | Noticed hilljack's ghost (novice GrEE)
  3651 | D:5      | Reached XP level 7. HP: 60/60 MP: 6/6
  3656 | D:5      | Found a runed translucent gate.
  3656 | D:5      | Found a runed translucent gate.
  3656 | D:5      | Found a runed translucent gate.
  3656 | D:5      | Identified the +10 spear "Zarroca" {freeze, rF+ Dex+3}
  3656 | D:5      | Identified the +0 ring mail "Xas Feta" {-Cast rF+ rC+
                  | Str+6}
  3682 | D:5      | Killed hilljack's ghost
  3683 | D:5      | Reached skill level 5 in Fighting
  3683 | D:5      | Reached skill level 8 in Long Blades
  3698 | D:5      | Reached XP level 8. HP: 12/69 MP: 7/7
  3724 | D:5      | Gained mutation: You are occasionally teleported next to
                  | monsters. [mutagenic glow]
  4316 | D:6      | Slain by an orc warrior

Illustrated notes

Levels and vault maps discovered:
D:1:      dpeg_arrival_pond, layout_basic, serial_shops, nicolae_shop_trees
D:2:      layout_loops_ring
D:3:      minmay_door_path, layout_loops_corners, ebering_ecumenical_altar_rust
D:4:      layout_basic, minmay_temple_entry_statues
D:5:      layout_loops_ring, biasface_ghost_orc_armoury
D:6:      layout_loops_ring, mainiacjoe_overflow_tiny_flanked,
          kennysheep_orc_sif_temple, amethyst_killhole, minmay_hedge_maze,
          minmay_alternating_orb

Skill      XL: |  1  2  3  4  5  6  7 |
---------------+----------------------+-----
Shields        | 4 5 |  5.1
Armour         | 4 5 6 |  6.2
Fighting       | 4 5 |  5.4
Long Blades    | 3 4 5 6 8 |  8.7
Dodging        | 1 |  1.1
Stealth        | |  0.2

Action                   |  1- 3 |  4- 6 |  7- 9 || total
-------------------------+-------+-------+-------++-------
Melee: Long sword        |    90 |    72 |       ||   162
       Headbutt          |    11 |    17 |     8 ||    36
       Triple sword      |       |    31 |    23 ||    54
       Spear             |       |       |    16 ||    16
Throw: Boomerang         |     4 |       |       ||     4
  Use: Scroll            |       |     9 |     3 ||    12
       Potion            |       |       |     2 ||     2
Armor: Scale mail        |    14 |       |       ||    14
       Plate armour      |    36 |    62 |    18 ||   116
       Ring mail         |       |       |     7 ||     7
Dodge: Dodged            |    22 |    33 |    12 ||    67
Block: Kite shield       |    65 |    39 |    11 ||   115
       Rpst.: Long sword |     3 |     4 |       ||     7
       Triple sword      |       |     6 |     1 ||     7
